| TOP OF THE 1ST |
|
Memphis Redbirds batting - Pitching for Gwinnett Braves : RHP Jeff Olech
|
|
Pitching: RHP Jeff Olech
|
|
|
Batting: LHB Tsutomu Miyahara
|
0-0: Called Strike 0-1: Ball 1-1: Foul Ball, location: 2F 1-2: Strikes out swinging
|
|
Batting: RHB Klaas Meij
|
0-0: Ball 1-0: Ball 2-0: Called Strike 2-1: Ground out 4-3 (Groundball, 4, EV 98.1 MPH)
|
|
Batting: SHB Gerardo Macias
|
0-0: Called Strike 0-1: Ball 1-1: Foul Ball, location: 2F 1-2: Ball 2-2: Foul Ball, location: 2F 2-2: Fly out, F8 (Flyball, 8RXD, EV 101.2 MPH)
|
| Top of the 1st over - 0 runs, 0 hits, 0 errors, 0 left on base; Memphis 0 - Gwinnett 0 |
| BOTTOM OF THE 1ST |
|
Gwinnett Braves batting - Pitching for Memphis Redbirds : LHP Ed Gates
|
|
Pitching: LHP Ed Gates
|
|
|
Batting: RHB Nate Taylor
|
0-0: Ball 1-0: Ball 2-0: Ball 3-0: Base on Balls
|
|
Batting: RHB Edgar Castillo
|
0-0: Ball 1-0: SINGLE (Groundball, 56D, EV 104.4 MPH) Nate Taylor to second
|
|
Batting: SHB Bob Morales
|
0-0: Ball 1-0: Foul Ball, location: 2F 1-1: Foul Ball, location: 2F 1-2: Ball 2-2: Strikes out swinging
|
|
Batting: RHB Muneer Maudad
|
0-0: Called Strike 0-1: Called Strike 0-2: Ball 1-2: Ball 2-2: Strikes out looking
|
|
Batting: SHB Brian Bagley
|
0-0: Called Strike 0-1: Ball 1-1: Foul Ball, location: 2F 1-2: Ball 2-2: Strikes out looking
|
| Bottom of the 1st over - 0 runs, 1 hit, 0 errors, 2 left on base; Memphis 0 - Gwinnett 0 |
| TOP OF THE 2ND |
|
Memphis Redbirds batting - Pitching for Gwinnett Braves : RHP Jeff Olech
|
|
Batting: RHB Andres Mendiola
|
0-0: Foul Ball, location: 2F 0-1: Ball 1-1: Swinging Strike 1-2: DOUBLE (Flyball, 78D, EV 102.5 MPH)
|
|
Batting: LHB Sam Britt
|
0-0: Ball 1-0: Ball 2-0: Ball 3-0: Base on Balls
|
|
Batting: RHB Fabrice Bertin
|
0-0: Ball 1-0: Swinging Strike 1-1: Ball 2-1: Foul Ball, location: 2F 2-2: Strikes out looking
|
|
Batting: RHB Joe LaDue
|
0-0: Called Strike 0-1: Swinging Strike 0-2: Ball 1-2: Strikes out looking
|
|
Batting: RHB Josh Martin
|
0-0: Foul Ball, location: 2F 0-1: Ball 1-1: Swinging Strike 1-2: Ball 2-2: Foul Ball, location: 2F 2-2: Foul Ball, location: 2F 2-2: Ball 3-2: Base on Balls Andres Mendiola to third Sam Britt to second
|
|
Batting: LHB Adam Eisen
|
0-0: Called Strike 0-1: Called Strike 0-2: Ball 1-2: Foul Ball, location: 2F 1-2: Strikes out swinging
|
| Top of the 2nd over - 0 runs, 1 hit, 0 errors, 3 left on base; Memphis 0 - Gwinnett 0 |
| BOTTOM OF THE 2ND |
|
Gwinnett Braves batting - Pitching for Memphis Redbirds : LHP Ed Gates
|
|
Batting: RHB Jesse Lester
|
0-0: Called Strike 0-1: Foul Ball, location: 2F 0-2: Strikes out swinging
|
|
Batting: LHB Mark Buchholz
|
0-0: Ball 1-0: Ball 2-0: Called Strike 2-1: Ball 3-1: Base on Balls
|
|
Batting: RHB Riley Nasiir
|
0-0: Ball 1-0: Foul Ball, location: 2F Pickoff Play to 1st, Runner tries for 2nd, OUT after rundown. 1-1: Ground out 5-3 (Groundball, 56, EV 106.9 MPH)
|
| Bottom of the 2nd over - 0 runs, 0 hits, 0 errors, 0 left on base; Memphis 0 - Gwinnett 0 |
| TOP OF THE 3RD |
|
Memphis Redbirds batting - Pitching for Gwinnett Braves : RHP Jeff Olech
|
|
Batting: LHB Tsutomu Miyahara
|
0-0: Ball 1-0: SOLO HOME RUN (Flyball, 9D, EV 100.0 MPH), Distance : 369 ft
|
|
Batting: RHB Klaas Meij
|
0-0: Called Strike 0-1: Foul Ball, location: 2F 0-2: Foul Ball, location: 2F 0-2: Ball 1-2: Ball 2-2: Ball 3-2: Foul Ball, location: 2F 3-2: Ground out 6-3 (Groundball, 6, EV 78.1 MPH)
|
|
Batting: SHB Gerardo Macias
|
0-0: Ball 1-0: Ball 2-0: Called Strike 2-1: Foul Ball, location: 2F 2-2: Fly out, F8 (Flyball, 78M, EV 92.5 MPH)
|
|
Batting: RHB Andres Mendiola
|
0-0: Called Strike 0-1: Swinging Strike 0-2: SINGLE (Line Drive, 34, EV 108.8 MPH)
|
|
Batting: LHB Sam Britt
|
0-0: Swinging Strike 0-1: Foul Ball, location: 2F 0-2: Strikes out looking
|
| Top of the 3rd over - 1 run, 2 hits, 0 errors, 1 left on base; Memphis 1 - Gwinnett 0 |
| BOTTOM OF THE 3RD |
|
Gwinnett Braves batting - Pitching for Memphis Redbirds : LHP Ed Gates
|
|
Batting: SHB Eric Reeser
|
0-0: Ball 1-0: Ball 2-0: Ball 3-0: Base on Balls
|
|
Batting: RHB Nate Taylor
|
0-0: Called Strike 0-1: Ball 1-1: Foul Ball, location: 2F 1-2: Strikes out swinging
|
|
Batting: RHB Edgar Castillo
|
0-0: Called Strike 0-1: Ball 1-1: Called Strike 1-2: Ball 2-2: Foul Ball, location: 2F 2-2: Fielders Choice at 2nd, 6-4 (Groundball, 6, EV 85.6 MPH)
|
|
Batting: SHB Bob Morales
|
0-0: Ball 1-0: Fielders Choice at 2nd, 6-4 (Groundball, 56, EV 91.9 MPH)
|
| Bottom of the 3rd over - 0 runs, 0 hits, 0 errors, 1 left on base; Memphis 1 - Gwinnett 0 |
| TOP OF THE 4TH |
|
Memphis Redbirds batting - Pitching for Gwinnett Braves : RHP Jeff Olech
|
|
Batting: RHB Fabrice Bertin
|
0-0: Ball 1-0: Called Strike 1-1: Foul Ball, location: 2F 1-2: Strikes out looking
|
|
Batting: RHB Joe LaDue
|
0-0: Called Strike 0-1: Ball 1-1: Ball 2-1: Ball 3-1: Called Strike 3-2: Base on Balls
|
|
Batting: RHB Josh Martin
|
0-0: Called Strike 0-1: Called Strike 0-2: Foul Ball, location: 2F 0-2: SINGLE (Line Drive, 4MD, EV 98.1 MPH) Joe LaDue to second
|
|
Batting: LHB Adam Eisen
|
0-0: Foul Ball, location: 2F 0-1: Ball 1-1: Ball 2-1: Swinging Strike 2-2: Ball 3-2: Foul Ball, location: 2F 3-2: SINGLE (Groundball, 6D, EV 106.9 MPH) Joe LaDue to third Josh Martin to second Runner from 3rd tries for Home, SAFE, throw by CF to home
|
|
Batting: LHB Tsutomu Miyahara
|
0-0: Called Strike 0-1: Ball 1-1: Ball Wild Pitch! Josh Martin to third Adam Eisen to second 2-1: Foul Ball, location: 2F 2-2: Foul Ball, location: 2F 2-2: Ball 3-2: Fly out, F9 (Flyball, 9, EV 92.5 MPH)
|
|
Batting: RHB Klaas Meij
|
0-0: Ball 1-0: Foul Ball, location: 2F 1-1: Ball 2-1: Ground out 5-3 (Groundball, 56S, EV 88.1 MPH)
|
| Top of the 4th over - 1 run, 2 hits, 0 errors, 2 left on base; Memphis 2 - Gwinnett 0 |
| BOTTOM OF THE 4TH |
|
Gwinnett Braves batting - Pitching for Memphis Redbirds : LHP Ed Gates
|
|
Batting: RHB Muneer Maudad
|
0-0: Foul Ball, location: 2F 0-1: Foul Ball, location: 2F 0-2: Ground out 5-3 (Groundball, 5, EV 105.0 MPH)
|
|
Batting: SHB Brian Bagley
|
0-0: Ball 1-0: Ball 2-0: Called Strike 2-1: Fly out, F3 (Line Drive, 34, EV 67.5 MPH)
|
|
Batting: RHB Jesse Lester
|
0-0: Swinging Strike 0-1: Foul Ball, location: 2F 0-2: Ball 1-2: Foul Ball, location: 2F 1-2: Strikes out looking
|
| Bottom of the 4th over - 0 runs, 0 hits, 0 errors, 0 left on base; Memphis 2 - Gwinnett 0 |
| TOP OF THE 5TH |
|
Memphis Redbirds batting - Pitching for Gwinnett Braves : RHP Jeff Olech
|
|
Batting: SHB Gerardo Macias
|
0-0: Ball 1-0: Ball 2-0: Ground out 4-3 (Groundball, 4, EV 86.9 MPH)
|
|
Batting: RHB Andres Mendiola
|
0-0: Foul Ball, location: 2F 0-1: Foul Ball, location: 2F 0-2: Ball 1-2: Ball 2-2: Ball 3-2: Strikes out swinging
|
|
Batting: LHB Sam Britt
|
0-0: Called Strike 0-1: Ground out U3 (Groundball, 3, EV 89.4 MPH)
|
| Top of the 5th over - 0 runs, 0 hits, 0 errors, 0 left on base; Memphis 2 - Gwinnett 0 |
| BOTTOM OF THE 5TH |
|
Gwinnett Braves batting - Pitching for Memphis Redbirds : LHP Ed Gates
|
|
Batting: LHB Mark Buchholz
|
0-0: Called Strike 0-1: Ground out 4-3 (Groundball, 4, EV 88.1 MPH)
|
|
Batting: RHB Riley Nasiir
|
0-0: Ball 1-0: Called Strike 1-1: Swinging Strike 1-2: Strikes out swinging
|
|
Batting: SHB Eric Reeser
|
0-0: Called Strike 0-1: Swinging Strike 0-2: Strikes out swinging
|
| Bottom of the 5th over - 0 runs, 0 hits, 0 errors, 0 left on base; Memphis 2 - Gwinnett 0 |
| TOP OF THE 6TH |
|
Memphis Redbirds batting - Pitching for Gwinnett Braves : RHP Jeff Olech
|
|
Pitching: RHP Matt Buxton
|
|
|
Batting: RHB Fabrice Bertin
|
0-0: Ball 1-0: Swinging Strike 1-1: Ball 2-1: Ball 3-1: Fly out, F8 (Line Drive, 8LD, EV 91.2 MPH)
|
|
Batting: RHB Joe LaDue
|
0-0: Called Strike 0-1: Ball 1-1: Called Strike 1-2: Foul Ball, location: 2F 1-2: Ball 2-2: Ball 3-2: Base on Balls
|
|
Batting: RHB Josh Martin
|
0-0: Called Strike 0-1: Swinging Strike 0-2: Strikes out looking and he ARGUES THE CALL AND IS TOSSED!
|
|
Batting: LHB Adam Eisen
|
0-0: Called Strike 0-1: SINGLE (Groundball, 15S, EV 70.0 MPH) (infield hit) Joe LaDue to second
|
|
Batting: LHB Tsutomu Miyahara
|
0-0: Called Strike 0-1: Ball 1-1: Called Strike 1-2: Ball 2-2: Foul Ball, location: 2F 2-2: Ball 3-2: Foul Ball, location: 2F 3-2: Base on Balls Joe LaDue to third Adam Eisen to second
|
|
Batting: RHB Klaas Meij
|
0-0: Called Strike 0-1: Ball 1-1: Foul Ball, location: 2F 1-2: Ball 2-2: Foul Ball, location: 2F 2-2: Reached via error on a dropped throw from 2B, E3 (Groundball, 34, EV 108.8 MPH) Joe LaDue scores Adam Eisen to third Tsutomu Miyahara to second
|
|
Batting: SHB Gerardo Macias
|
0-0: Fly out, F7 (Flyball, 7S, EV 92.5 MPH)
|
| Top of the 6th over - 1 run, 1 hit, 1 error, 3 left on base; Memphis 3 - Gwinnett 0 |
| BOTTOM OF THE 6TH |
|
Gwinnett Braves batting - Pitching for Memphis Redbirds : LHP Ed Gates
|
|
Now at 1B: Mark Cahill
|
|
|
Now at 2B: Joe LaDue
|
|
|
Batting: RHB Nate Taylor
|
0-0: Ball 1-0: Foul Ball, location: 2F 1-1: Foul Ball, location: 2F 1-2: Foul Ball, location: 2F 1-2: Ground out 6-3 (Groundball, 6, EV 101.2 MPH)
|
|
Batting: RHB Edgar Castillo
|
0-0: Ball 1-0: Ground out 5-3 (Groundball, 56, EV 83.1 MPH)
|
|
Batting: SHB Bob Morales
|
0-0: Called Strike 0-1: Ball 1-1: Ball 2-1: Swinging Strike 2-2: Foul Ball, location: 2F 2-2: Ball 3-2: Base on Balls
|
|
Batting: RHB Muneer Maudad
|
0-0: Called Strike Bob Morales is caught stealing 2nd base 2-4
|
| Bottom of the 6th over - 0 runs, 0 hits, 0 errors, 0 left on base; Memphis 3 - Gwinnett 0 |
| TOP OF THE 7TH |
|
Memphis Redbirds batting - Pitching for Gwinnett Braves : RHP Matt Buxton
|
|
Batting: RHB Andres Mendiola
|
0-0: Ball 1-0: Ball 2-0: Ball 3-0: Base on Balls
|
|
Batting: LHB Sam Britt
|
0-0: Ball 1-0: Ball 2-0: Grounds into double play, 4-6-3 (Groundball, 4, EV 99.4 MPH)
|
|
Batting: RHB Fabrice Bertin
|
0-0: SINGLE (Groundball, 3D, EV 108.1 MPH)
|
|
Batting: RHB Joe LaDue
|
0-0: Called Strike Fabrice Bertin steals 2nd base 0-1: Foul Ball, location: 2F 0-2: Foul Ball, location: 2F 0-2: Strikes out swinging
|
| Top of the 7th over - 0 runs, 1 hit, 0 errors, 1 left on base; Memphis 3 - Gwinnett 0 |
| BOTTOM OF THE 7TH |
|
Gwinnett Braves batting - Pitching for Memphis Redbirds : LHP Ed Gates
|
|
Batting: RHB Muneer Maudad
|
0-0: Called Strike 0-1: SOLO HOME RUN (Flyball, 9LD, EV 98.8 MPH), Distance : 380 ft
|
|
Batting: SHB Brian Bagley
|
0-0: Called Strike 0-1: Ball 1-1: Ball 2-1: Ball 3-1: Base on Balls
|
|
Batting: RHB Jesse Lester
|
0-0: Ball 1-0: Called Strike 1-1: Fly out, F9 (Flyball, 9D, EV 90.0 MPH)
|
|
Pinch Hitting: RHB Alex Munoz
|
0-0: Ball 1-0: Ball 2-0: Ball 3-0: Called Strike 3-1: Base on Balls Brian Bagley to second
|
|
Pitching: LHP John Roe
|
|
|
Pinch Runner at 2nd Mike Manchester:
|
|
|
Batting: RHB Riley Nasiir
|
0-0: Swinging Strike 0-1: Swinging Strike 0-2: Ball 1-2: Foul Ball, location: 2F 1-2: Ball 2-2: Foul Ball, location: 2F 2-2: Foul Ball, location: 2F 2-2: Foul Ball, location: 2F 2-2: Ball 3-2: Foul Ball, location: 2F 3-2: 3-RUN HOME RUN (Flyball, 7D, EV 94.4 MPH), Distance : 387 ft
|
|
Batting: SHB Eric Reeser
|
0-0: Ball 1-0: DOUBLE (Line Drive, 3D, EV 101.2 MPH)
|
|
Batting: RHB Nate Taylor
|
0-0: Fly out, F8 (Flyball, 8RM, EV 94.4 MPH)
|
|
Batting: RHB Edgar Castillo
|
0-0: Called Strike 0-1: Ball 1-1: Ball 2-1: Ball 3-1: Base on Balls
|
|
Batting: SHB Bob Morales
|
0-0: Foul Ball, location: 2F 0-1: Ball 1-1: Foul Ball, location: 2F 1-2: Foul Ball, location: 2F 1-2: Fielders Choice at 2nd, 5-4 (Groundball, 5L, EV 78.8 MPH)
|
| Bottom of the 7th over - 4 runs, 3 hits, 0 errors, 2 left on base; Memphis 3 - Gwinnett 4 |
| TOP OF THE 8TH |
|
Memphis Redbirds batting - Pitching for Gwinnett Braves : RHP Matt Buxton
|
|
Pitching: RHP Larry Stegall
|
|
|
Now at 1B: Ivan Ramirez
|
|
|
Now at 2B: Alex Munoz
|
|
|
Now at 3B: Mike Manchester
|
|
|
Now in LF: Chad Persaud
|
|
|
Now in RF: Edgar Castillo
|
|
|
Batting: RHB Mark Cahill
|
0-0: Called Strike 0-1: Foul Ball, location: 2F 0-2: Strikes out swinging
|
|
Batting: LHB Adam Eisen
|
0-0: Ball 1-0: DOUBLE (Flyball, 89XD, EV 95.6 MPH)
|
|
Batting: LHB Tsutomu Miyahara
|
0-0: Ball 1-0: Fly out, F2 (Popup, 2L, EV 82.5 MPH)
|
|
Batting: RHB Klaas Meij
|
0-0: Called Strike 0-1: Called Strike 0-2: Ball 1-2: Hit by Pitch
|
|
Batting: SHB Gerardo Macias
|
0-0: Hit by Pitch Adam Eisen to third Klaas Meij to second
|
|
Batting: RHB Andres Mendiola
|
0-0: Called Strike 0-1: Fly out, F9 (Flyball, 9D, EV 101.9 MPH)
|
| Top of the 8th over - 0 runs, 1 hit, 0 errors, 3 left on base; Memphis 3 - Gwinnett 4 |
| BOTTOM OF THE 8TH |
|
Gwinnett Braves batting - Pitching for Memphis Redbirds : LHP John Roe
|
|
Batting: LHB Chad Persaud
|
0-0: Ball 1-0: Ball 2-0: Foul Ball, location: 2F 2-1: SINGLE (Line Drive, 56, EV 94.4 MPH)
|
|
Batting: RHB Mike Manchester
|
0-0: Foul Ball, location: 2F 0-1: Foul Ball, location: 2F 0-2: Ball 1-2: Fly out, F7 (Flyball, 7S, EV 84.4 MPH)
|
|
Batting: RHB Ivan Ramirez
|
0-0: Ball Chad Persaud steals 2nd base (no throw) 1-0: Ball 2-0: Called Strike 2-1: Called Strike 2-2: Foul Ball, location: 2F 2-2: Strikes out swinging
|
|
Batting: RHB Alex Munoz
|
0-0: Ball 1-0: Called Strike 1-1: Ball 2-1: Swinging Strike 2-2: Ball 3-2: Base on Balls
|
|
Batting: RHB Riley Nasiir
|
0-0: Ball 1-0: Called Strike 1-1: Ball 2-1: Fielders Choice at 2nd, 6-4 (Groundball, 6, EV 85.6 MPH)
|
| Bottom of the 8th over - 0 runs, 1 hit, 0 errors, 2 left on base; Memphis 3 - Gwinnett 4 |
| TOP OF THE 9TH |
|
Memphis Redbirds batting - Pitching for Gwinnett Braves : RHP Larry Stegall
|
|
Pitching: RHP Orlando Velazquez
|
|
|
Batting: LHB Sam Britt
|
0-0: Ball 1-0: Ball 2-0: SINGLE (Flyball, 78D, EV 108.1 MPH)
|
|
Pinch Hitting: LHB Ronnie Ashley
|
0-0: Sac Bunt to 13 - play at first, batter OUT! 1-4 Sam Britt to second
|
|
Batting: RHB Joe LaDue
|
0-0: Called Strike 0-1: Ball 1-1: Called Strike 1-2: Fly out, F7 (Flyball, 78S, EV 83.1 MPH)
|
|
Batting: RHB Mark Cahill
|
0-0: Ball 1-0: Ball 2-0: Foul Ball, location: 2F 2-1: Ball 3-1: Ground out 4-3 (Groundball, 4, EV 83.8 MPH)
|
| Top of the 9th over - 0 runs, 1 hit, 0 errors, 1 left on base; Memphis 3 - Gwinnett 4 |
|